 Dungeon Crawl Stone Soup version 0.21.0-24-g2553a33 (webtiles) character file.

239 tidbits the Grave Robber (level 6, -3/44 HPs)
             Began as a Gnoll Necromancer on Jan 20, 2018.
             Killed from afar by a howler monkey (37 damage)
             ... with an exploding inner flame
             ... hexed by the player character
             ... on level 6 of the Dungeon.
             The game lasted 00:04:45 (461 turns).

tidbits the Grave Robber (Gnoll Necromancer)         Turns: 461, Time: 00:04:45

Health: -3/44      AC:  5    Str: 10    XL:     6   Next: 7%
Magic:  5/13       EV: 15    Int: 16    God:
Gold:   19         SH:  0    Dex: 15    Spells: 8/15 levels left

rFire    . . .     SeeInvis .   d - +0 long sword
rCold    . . .     Gourm    .   (no shield)
rNeg     + + .     Faith    .   B - +2 robe "Cumeadd" {rPois rN++ Int-4 Slay+2}
rPois    +         Spirit   .   E - +0 helmet
rElec    .         Reflect  .   (no cloak)
rCorr    .         Harm     .   (no gloves)
MR       .....                  (no boots)
Stlth    +++.......             (no amulet)
HPRegen  0.14/turn              (no ring)
MPRegen  0.13/turn              (no ring)

@: berserk cooldown, slowed, very slow
A: distributed training, fangs 1, strong nose
a: no special abilities


You were on level 6 of the Dungeon.
You were not hungry.

You visited 2 branches of the dungeon, and saw 8 of its levels.

You collected 19 gold pieces.

Inventory:

Hand Weapons
 d - a +0 long sword (weapon)
Missiles
 k - 18 arrows
Armour
 a - a +0 robe
 e - a +0 shield
 B - the +2 robe "Cumeadd" (worn) {rPois rN++ Int-4 Slay+2}
   (You found it on level 5 of the Dungeon)

   It affects your intelligence (-4).
   It affects your accuracy and damage with ranged weapons and melee attacks
   (+2).
   It protects you from poison.
   It greatly protects you from negative energy.
 E - a +0 helmet (worn)
Wands
 l - a wand of clouds (3)
Scrolls
 i - a scroll of enchant weapon
Potions
 j - a potion of heal wounds {unknown}
 m - a potion of lignification {unknown}
Books
 b - a book of Necromancy

   Spells                             Type                      Level
   a - Pain                           Necromancy                   1
   b - Animate Skeleton               Necromancy                   1
   c - Vampiric Draining              Necromancy                   3
   d - Regeneration                   Charms/Necromancy            3
   e - Animate Dead                   Necromancy                   4
   f - Borgnjor's Vile Clutch         Necromancy/Earth             5
Comestibles
 c - 2 rations


   Skills:
 + Level 1.7 Fighting
 + Level 1.7 Short Blades
 + Level 1.7 Long Blades
 + Level 1.7 Axes
 + Level 1.7 Maces & Flails
 + Level 1.7 Polearms
 + Level 1.7 Staves
 + Level 1.7 Slings
 + Level 1.7 Bows
 + Level 1.7 Crossbows
 + Level 1.7 Throwing
 + Level 1.7 Armour
 + Level 4.9 Dodging
 + Level 4.5 Stealth
 + Level 1.7 Shields
 + Level 1.7 Unarmed Combat
 + Level 5.3 Spellcasting
 + Level 1.3 Conjurations
 + Level 1.3 Hexes
 + Level 1.3 Charms
 + Level 1.3 Summonings
 + Level 7.2 Necromancy
 + Level 1.3 Translocations
 + Level 1.3 Transmutations
 + Level 1.3 Fire Magic
 + Level 1.3 Ice Magic
 + Level 1.3 Air Magic
 + Level 1.3 Earth Magic
 + Level 1.3 Poison Magic
 + Level 2.0 Invocations
 + Level 1.7 Evocations


You had 8 spell levels left.
You knew the following spells:

 Your Spells              Type           Power        Failure   Level  Hunger
a - Pain                  Necr           ####         1%          1    None
d - Vampiric Draining     Necr           ####......   2%          3    ###....
r - Regeneration          Chrm/Necr      ###.......   8%          3    ###....


Dungeon Overview and Level Annotations

Branches:
Dungeon (7/15)             Temple (1/1) D:5

Altars:
Dithmenos
Elyvilon
Gozag
Hepliaklqana
Kikubaaqudgha
Nemelex Xobeh
Okawaru
Qazlal
Ru
Sif Muna
Trog
Xom
Zin


Innate Abilities, Weirdness & Mutations

Your experience applies equally to all skills.
You have very sharp teeth.
Your uncanny sense of smell can sniff out nearby items.


Message History

There is a stone staircase leading up here.
Casting: Pain
Confirm with . or Enter, or press ? or * to list all spells.
Your skin crawls.
An orc comes into view. It is wielding a dagger.
Your skin is crawling a little less now.
Casting: Regeneration
Confirm with . or Enter, or press ? or * to list all spells.
Aiming: Pain
Press: ? - help, Shift-Dir - straight line, f - orc
Aim: an orc, wielding a dagger (resting, chance to defeat MR: 93%)
The orc shouts!
The orc barely resists.
Casting: Pain
Confirm with . or Enter, or press ? or * to list all spells.
Aiming: Pain
Press: ? - help, Shift-Dir - straight line, f/p - orc
Aim: an orc, wielding a dagger (chance to defeat MR: 93%)
The orc writhes in agony!
Casting: Pain
Confirm with . or Enter, or press ? or * to list all spells.
Aiming: Pain
Press: ? - help, Shift-Dir - straight line, f/p - orc
Aim: an orc, wielding a dagger (moderately wounded, chance to defeat MR: 93%)
The orc writhes in agony!
Your skin stops crawling.
You slash the orc!
You kill the orc!
A howler monkey comes into view.
A howler monkey comes into view.
A skeleton and a howler monkey come into view.
Found a ration.
You see here a scroll labeled EMECZACSERR.
Unknown command.
n - a scroll labeled EMECZACSERR
As you read the scroll labeled OHYOHO NIONUPH, it crumbles to dust.
The creatures around you are filled with an inner flame!
It was a scroll of immolation.
The howler monkey howls!
You hear a croak.
You hear a howl!
A bullfrog comes into view.
You hear an explosion!
Your Invocations skill increases to level 2!
You feel a bit more experienced.
The howler monkey hoots and howls with incredible vigour!
You hear an angry hiss.
You hear a bark!
You hear a shout! x2
You hear a loud, deep croak!
You hear a bark!
The howler monkey hits you.
Found 15 gold pieces.
The howler monkey misses you.
As you read the scroll labeled MAEBLA BEIRIETH, it crumbles to dust.
It is a scroll of identify.
i - a scroll of enchant weapon The howler monkey hoots and howls with incredible vigour!
The howler monkey hits you but does no damage.
You hear an angry hiss.
You hear a bark!
You hear a screech!
You hear a bark!
As you read the scroll labeled EMECZACSERR, it crumbles to dust.
You hear a loud clanging noise!
It was a scroll of noise.
You hear a bark!
The howler monkey misses you.
You riposte.
You slash the howler monkey!
The howler monkey is severely wounded.
Unknown command.
Okay, then.
It was a potion of berserk rage.
A red film seems to cover your vision as you go berserk!
You feel yourself moving faster!
You feel mighty!
The howler monkey hoots and howls with incredible vigour!
You hear a bark!
You hear a loud, deep croak!
You hear a shout!
You closely miss the howler monkey. You bite the howler monkey.
The howler monkey is almost dead.
The howler monkey hits you.
Unknown command.
You completely miss the howler monkey.
The howler monkey is almost dead.
The howler monkey barely misses you.
The howler monkey hoots and howls with incredible vigour!
You hear a howl!
You hear a bark!
You hear a shout!
Unknown command.
You barely miss the howler monkey.
The howler monkey is almost dead.
The howler monkey hits you but does no damage.
You closely miss the howler monkey.
The howler monkey is almost dead.
The howler monkey hoots and howls with incredible vigour!
You hear an angry hiss.
You hear a screech!
You hear a bark!
You hear a croak.
You hear a shout! x2
Unknown command.
You feel a strong urge to attack something.
You are no longer berserk.
You are exhausted.
You feel yourself slow down.
There is an escape hatch in the ceiling here.
The howler monkey hits you. A mysterious force pulls you upwards.
The hatch slams shut behind you.
Unknown command.
You hit the howler monkey.
The howler monkey explodes!
The fiery explosion engulfs you!
Ouch! That really hurt!
You die...

#.. #####.## #...∆.......
#..# .....# #..# ....#
#..# .§§ #..######§# ##
#.......§@#
.#######'#########
...........#######
........>.........
...........#########
.(.........†........
.#######...#########.####
## #.................
#.#.##.######.####


There were no monsters in sight!

Vanquished Creatures
  A sky beast (D:7)
  A centaur (D:5)
  A worker ant (D:7)
  5 adders
  A worm (D:2)
  An orc (D:7)
  4 jackals (D:6)
  A bat (D:3)
  A goblin (D:2)
  A quokka zombie (D:6)
17 creatures vanquished.

Notes
Turn   | Place    | Note
-------+----------+-------------------------------------------
     0 | D:1      | tidbits the Gnoll Necromancer began the quest for the Orb.
     0 | D:1      | Reached XP level 1. HP: 13/13 MP: 6/6
    80 | D:4      | Found an iron altar of Okawaru.
    90 | D:4      | Reached XP level 2. HP: 11/20 MP: 4/7
   130 | D:5      | Entered Level 5 of the Dungeon
   168 | D:5      | Found a staircase to the Ecumenical Temple.
   169 | D:5      | Noticed a centaur
   176 | Temple   | Entered the Ecumenical Temple
   193 | D:5      | Killed a centaur
   193 | D:5      | Reached skill level 1 in Fighting
   193 | D:5      | Reached skill level 1 in Short Blades
   193 | D:5      | Reached skill level 1 in Long Blades
   193 | D:5      | Reached skill level 1 in Axes
   193 | D:5      | Reached skill level 1 in Maces & Flails
   193 | D:5      | Reached skill level 1 in Polearms
   193 | D:5      | Reached skill level 1 in Staves
   193 | D:5      | Reached skill level 1 in Slings
   193 | D:5      | Reached skill level 1 in Bows
   193 | D:5      | Reached skill level 1 in Crossbows
   193 | D:5      | Reached skill level 1 in Throwing
   193 | D:5      | Reached skill level 1 in Armour
   193 | D:5      | Reached skill level 1 in Shields
   193 | D:5      | Reached skill level 1 in Unarmed Combat
   193 | D:5      | Reached skill level 5 in Spellcasting
   193 | D:5      | Reached skill level 1 in Conjurations
   193 | D:5      | Reached skill level 1 in Hexes
   193 | D:5      | Reached skill level 1 in Charms
   193 | D:5      | Reached skill level 1 in Summonings
   193 | D:5      | Reached skill level 1 in Translocations
   193 | D:5      | Reached skill level 1 in Transmutations
   193 | D:5      | Reached skill level 1 in Fire Magic
   193 | D:5      | Reached skill level 1 in Ice Magic
   193 | D:5      | Reached skill level 1 in Air Magic
   193 | D:5      | Reached skill level 1 in Earth Magic
   193 | D:5      | Reached skill level 1 in Poison Magic
   193 | D:5      | Reached skill level 1 in Invocations
   193 | D:5      | Reached skill level 1 in Evocations
   193 | D:5      | Reached XP level 3. HP: 14/26 MP: 5/9
   193 | D:5      | Reached XP level 4. HP: 17/32 MP: 6/11
   210 | D:5      | Found a shadowy altar of Dithmenos.
   219 | D:5      | Got a twisted robe
   230 | D:5      | Identified the +2 robe "Cumeadd" {rPois rN++ Int-4 Slay+2} (You found it on level 5 of the Dungeon)
   324 | D:6      | Learned a level 3 spell: Vampiric Draining
   328 | D:6      | Learned a level 3 spell: Regeneration
   380 | D:7      | Reached XP level 5. HP: 37/37 MP: 12/12
   395 | D:7      | Noticed a sky beast
   408 | D:7      | Killed a sky beast
   408 | D:7      | Reached XP level 6. HP: 29/44 MP: 5/13
   443 | D:7      | Reached skill level 2 in Invocations
   461 | D:6      | Killed from afar by a howler monkey

Skill      XL: |  1  2  3  4  5  6 |
---------------+-------------------+-----
Fighting       | 1 |  1.7
Short Blades   | 1 |  1.7
Long Blades    | 1 |  1.7
Axes           | 1 |  1.7
Maces & Flails | 1 |  1.7
Polearms       | 1 |  1.7
Staves         | 1 |  1.7
Slings         | 1 |  1.7
Bows           | 1 |  1.7
Crossbows      | 1 |  1.7
Throwing       | 1 |  1.7
Armour         | 1 |  1.7
Shields        | 1 |  1.7
Unarmed Combat | 1 |  1.7
Spellcasting   | 5 |  5.3
Conjurations   | 1 |  1.3
Hexes          | 1 |  1.3
Charms         | 1 |  1.3
Summonings     | 1 |  1.3
Translocations | 1 |  1.3
Transmutations | 1 |  1.3
Fire Magic     | 1 |  1.3
Ice Magic      | 1 |  1.3
Air Magic      | 1 |  1.3
Earth Magic    | 1 |  1.3
Poison Magic   | 1 |  1.3
Invocations    | 1 2 |  2.0
Evocations     | 1 |  1.7
Dodging        | |  4.9
Stealth        | |  4.5
Necromancy     | |  7.2

Action                   |  1- 3 |  4- 6 || total
-------------------------+-------+-------++-------
Melee: Long sword        |     7 |    22 ||    29
       Bite              |     1 |     2 ||     3
 Cast: Pain              |    15 |    15 ||    30
       Regeneration      |       |     2 ||     2
Evoke: Wand              |     1 |     2 ||     3
  Use: Scroll            |     1 |     4 ||     5
       Potion            |     1 |     2 ||     3
 Stab: Confused          |     1 |       ||     1
       Sleeping          |       |     1 ||     1
Armor: Robe              |       |     5 ||     5
Dodge: Dodged            |     6 |    16 ||    22
       Rpst.: Long sword |     2 |     7 ||     9

Table legend:
 A = Turns spent in this place as a percentage of turns spent in the entire game.
 B = Non-inter-level travel turns spent in this place as a percentage of non-inter-level travel turns spent in the entire game.
 C = Inter-level travel turns spent in this place as a percentage of turns spent in this place.
 D = Turns resting spent in this place as a percentage of non-inter-level travel turns spent in this place.
 E = Turns spent auto-exploring this place as a percentage of non-inter-level travel turns spent in this place.
 F = Non-inter-level travel turns spent in this place divided by the number of levels of this place that you've seen.
                   A       B       C       D       E      F
               +-------+-------+-------+-------+-------+----------------------
         Total | 100.0 | 100.0 |   0.0 |   0.0 |   0.0 |  57.6
       Dungeon |  98.7 |  98.7 |   0.0 |   0.0 |   0.0 |  65.0
        Temple |   1.3 |   1.3 |   0.0 |   0.0 |   0.0 |   6.0
               +-------+-------+-------+-------+-------+----------------------

Table legend:
 A = Kills in this place as a percentage of kills in entire the game.
 B = Kills by you in this place as a percentage of kills by you in the entire game.
 C = Kills by friends in this place as a percentage of kills by friends in the entire game.
 D = Other kills in this place as a percentage of other kills in the entire game.
 E = Experience gained in this place as a percentage of experience gained in the entire game.
 F = Experience gained in this place divided by the number of levels of this place that you have seen.
                   A       B       C       D       E      F
               +-------+-------+-------+-------+-------+----------------------
         Total | 100.0 | 100.0 |   N/A | 100.0 | 100.0 |  42.8
       Dungeon | 100.0 | 100.0 |   N/A | 100.0 | 100.0 |  48.9
               +-------+-------+-------+-------+-------+----------------------

Vault maps used:
D:1:      minmay_arrival_floating_metal, minmay_misc_feat_chi
D:2:      first_ration, uniq_natasha
D:3:      old_standard_altar, uniq_ijyb, uniq_sigmund
D:4:      serial_shops, shop_fountains, okawaru_trees_1
D:5:      nicolae_dithmenos_shadow_blocks, minmay_overflow_temple_star_hex,
          grunt_temple_overflow_open, minmay_temple_entry_mist,
          portal_sewer_entry_d
D:6:      uniq_pikel
D:7:      grunt_ministairs_12, the_bakery
Temple:   minmay_freezing_vapour_temple
